General information
			
			
        
        - name: alwaystotheeast
 
        - type: Custom game
 
        - host: jerund
 
        - saver: greedoFthenoob
 
        
map: EchoIsles 
        - players: 4
 
        - length: 04:58
 
        - speed: Fast
 - version: 1.22 W3XP
 - replay type:  Public
 
» download(30 KB)
Players
        team 1 (winner) 
              
              
greedoFthenoob (
pink | 83 APM | 412 actions | 04:58)
              
 1 Archmage 
 1 Summon Water Elemental
 
                » actions 
                
                | Assign group hotkey | 10 |  | 
| Basic commands | 13 |  | 
| Build / train | 26 |  | 
| ESC pressed | 1 |  | 
| Enter build submenu | 12 |  | 
| Enter hero's abilities submenu | 1 |  | 
| Right click | 171 |  | 
| Select / deselect | 151 |  | 
| Select group hotkey | 6 |  | 
| Use ability | 21 |  | 
                412 total
 » units 
                » upgrades
                » buildings
                
                | Altar of Kings | 1 |  | 
| Barracks | 1 |  | 
| Farm | 4 |  | 
| Lumber Mill | 1 |  | 
| Scout Tower | 5 |  | 
| Arcane Tower | 1 |  | 
| Guard Tower | 4 |  | 
                17 total
 » build order
                00:06 Altar of Kings
00:17 Barracks
00:19 Farm
00:58 Farm
01:33 Farm
02:05 Lumber Mill
02:52 Scout Tower
02:54 Scout Tower
02:56 Scout Tower
02:58 Scout Tower
03:22 Arcane Tower
03:28 Guard Tower
03:37 Scout Tower
03:42 Guard Tower
03:55 Farm
04:24 Guard Tower
04:47 Guard Tower
 
               team 2 (loser) 
              
              
ATOUCHOFHERLIPS (
green | 103 APM | 509 actions | 04:55)
              
 1 Demon Hunter 
 1 Mana Burn
 
                » actions 
                
                | Assign group hotkey | 19 |  | 
| Build / train | 15 |  | 
| ESC pressed | 2 |  | 
| Enter build submenu | 13 |  | 
| Enter hero's abilities submenu | 1 |  | 
| Remove unit from queue | 1 |  | 
| Right click | 233 |  | 
| Select / deselect | 91 |  | 
| Select group hotkey | 110 |  | 
| Use ability | 24 |  | 
                509 total
 » units 
                » buildings
                
                | Altar of Elders | 1 |  | 
| Moon Well | 3 |  | 
| Hunter's Hall | 1 |  | 
| Ancient of War | 3 |  | 
| Ancient Protector | 1 |  | 
                9 total
 » build order
                00:09 Altar of Elders
00:20 Moon Well
01:53 Hunter's Hall
02:02 Ancient of War
02:20 Ancient of War
02:24 Moon Well
03:00 Ancient Protector
04:05 Moon Well
04:20 Ancient of War
 
               refereesjerund, 
Iceberg-Slim Chat log
          (00:55 / All) greedoFthenoob: i hope you like towers
(01:06 / All) greedoFthenoob: cause im going to fuck you
(04:35 / All) greedoFthenoob: gg
(04:51 / All) jerund: shoulda gone undead